[Event "FIDE World Cadets GU12 2022"]
[Site "Batumi"]
[Date "2022.09.25"]
[Round "9.2"]
[White "Yousefian, Maedeh"]
[Black "Goriachkina, Oksana"]
[Result "1/2-1/2"]
[ECO "B15"]
[WhiteElo "1765"]
[BlackElo "1748"]
[Annotator "NA RC COMBH"]
[PlyCount "80"]
[EventDate "2022.09.16"]
[EventType "swiss"]
[EventCountry "GEO"]
[SourceTitle "playchess.com"]
[Source "ChessBase"]
[SourceQuality "1"]
[TimeControl "5400+30"]

1. e4 c6 2. d4 d5 3. Nd2 dxe4 4. Nxe4 Nf6 5. Nxf6+ exf6 6. c3 Be6 7. Bd3 Bd6 8. Qc2 Nd7 9. Ne2 g6 10. O-O Qc7 11. h3 O-O 12. c4 Rfe8 13. c5 Bf8 14. Bf4 Qd8 15. b4 f5 16. b5 Bd5 17. Nc3 Nf6 18. Be5 Bg7 19. Rad1 Ne4 20. Bxg7 Nxc3 21. Qxc3 Qg5 22. f3 Kxg7 23. Bc4 Re3 24. Qc1 f4 25. Bxd5 Qxd5 26. bxc6 bxc6 27. Rd2 Rae8 28. Qb2 Kg8 29. Qc2 Qe6 30. Rdf2 Rd8 31. Rd2 Re1 32. Rd1 Re2 33. Qb3 Qxb3 34. axb3 Re3 35. Rd2 Rxb3 36. Ra1 Rb5 37. Rxa7 Rxc5 38. dxc5 Rxd2 39. Rc7 Kf8 40. Rxc6 Rc2 1/2-1/2

[Event "FIDE World Cadets GU12 2022"]
[Site "Batumi"]
[Date "2022.09.25"]
[Round "9.3"]
[White "Preobrazhenskaya, Diana"]
[Black "Ismayilova, Khanim"]
[Result "1-0"]
[ECO "B33"]
[WhiteElo "1994"]
[BlackElo "1901"]
[Annotator "NA RC"]
[PlyCount "87"]
[EventDate "2022.09.16"]
[EventType "swiss"]
[EventCountry "GEO"]
[SourceTitle "playchess.com"]
[Source "ChessBase"]
[SourceQuality "1"]
[TimeControl "5400+30"]

1. e4 c5 2. Nf3 Nc6 3. d4 cxd4 4. Nxd4 Nf6 5. Nc3 e5 6. Ndb5 d6 7. Bg5 a6 8. Na3 b5 9. Nd5 Be7 10. Bxf6 Bxf6 11. c3 Ne7 12. Nxf6+ gxf6 13. Bd3 Bb7 14. Nc2 d5 15. Qe2 Qb6 16. O-O-O O-O-O 17. exd5 Nxd5 18. Be4 Kb8 19. Qf3 Nf4 20. g3 Bxe4 21. Qxe4 Nh3 22. Rxd8+ Rxd8 23. Qe3 Qxe3+ 24. fxe3 Nf2 25. Rf1 Ne4 26. Rd1 Rxd1+ 27. Kxd1 Kb7 28. Ke2 h5 29. Nb4 a5 30. Nd5 a4 31. Kd3 Nc5+ 32. Kc2 Ne4 33. Ne7 Ng5 34. Nf5 Nf3 35. h4 Kc6 36. e4 Nh2 37. Ng7 Ng4 38. Nxh5 f5 39. exf5 Kd5 40. Kd3 e4+ 41. Ke2 Ke5 42. f6 Nh6 43. b3 Nf5 44. Ng7 1-0

[Event "FIDE World Cadets GU12 2022"]
[Site "Batumi"]
[Date "2022.09.25"]
[Round "9.4"]
[White "Beber, Anja"]
[Black "Abramkina, Veranika"]
[Result "0-1"]
[ECO "D00"]
[WhiteElo "1674"]
[BlackElo "1445"]
[Annotator "NA RC COMBH"]
[PlyCount "96"]
[EventDate "2022.09.16"]
[EventType "swiss"]
[EventCountry "GEO"]
[SourceTitle "playchess.com"]
[Source "ChessBase"]
[SourceQuality "1"]
[TimeControl "5400+30"]

1. d4 Nf6 2. Nc3 d5 3. Bf4 g6 4. e3 Bg7 5. h4 h5 6. Nf3 O-O 7. Ne5 c5 8. Be2 Nbd7 9. f3 cxd4 10. exd4 Qb6 11. Rb1 e6 12. Qd2 Nxe5 13. Bxe5 Ne8 14. Bxg7 Nxg7 15. g4 Re8 16. gxh5 Nxh5 17. f4 Ng3 18. Rg1 Nf5 19. Rd1 Nxh4 20. Rh1 Qd8 21. Kf2 Kg7 22. Rdg1 Bd7 23. Bd3 Qf6 24. Ne2 Rh8 25. c3 Rh7 26. Ng3 Rah8 27. Be2 Kf8 28. Bd3 Nf5 29. Bxf5 Rxh1 30. Rxh1 Rxh1 31. Nxh1 Qxf5 32. Ng3 Qh3 33. Qc1 Qh2+ 34. Kf3 Bb5 35. a3 a5 36. a4 Bxa4 37. b3 Bb5 38. Qa3+ Kg7 39. Qxa5 Bd3 40. Qc7 Bc2 41. Qe5+ Kh7 42. Qe1 Bxb3 43. Qh1 Qxh1+ 44. Nxh1 f6 45. Nf2 Bc2 46. Ng4 Bd1+ 47. Kg3 Bxg4 48. Kxg4 Kh6 0-1

[Event "FIDE World Cadets GU12 2022"]
[Site "Batumi"]
[Date "2022.09.25"]
[Round "9.5"]
[White "Khafizova, Diana"]
[Black "Kaliakhmet, Elnaz"]
[Result "0-1"]
[ECO "D37"]
[WhiteElo "1411"]
[BlackElo "1864"]
[Annotator "NA RC COMBH"]
[PlyCount "138"]
[EventDate "2022.09.16"]
[EventType "swiss"]
[EventCountry "GEO"]
[SourceTitle "playchess.com"]
[Source "ChessBase"]
[SourceQuality "1"]
[TimeControl "5400+30"]

1. d4 Nf6 2. Bf4 d5 3. Nf3 c5 4. e3 Nc6 5. Be2 e6 6. O-O Bd6 7. dxc5 Bxc5 8. c4 O-O 9. Nc3 h6 10. cxd5 exd5 11. Rc1 Be7 12. Qc2 Be6 13. h3 Rc8 14. Rfd1 Qa5 15. a3 a6 16. Bd3 Qb6 17. Na4 Qa7 18. Nc3 b5 19. Bf5 Qd7 20. Bxe6 Qxe6 21. Qb1 Rfd8 22. Ne2 Ne4 23. Ned4 Nxd4 24. Nxd4 Qf6 25. Nf3 Bc5 26. Be5 Qe6 27. Qd3 Bb6 28. Bf4 Qf6 29. Be5 Qe6 30. Bf4 Rc4 31. Nd4 Bxd4 32. exd4 Rdc8 33. Qf1 Rc2 34. f3 Ng3 35. Rxc2 Nxf1 36. Rxc8+ Qxc8 37. Kxf1 Qf5 38. Be3 Qc2 39. Rd2 Qb3 40. Ke2 f6 41. Kf2 Kf7 42. Re2 Qc4 43. Kf1 a5 44. Kf2 g5 45. Rd2 Qc7 46. Rd1 Qc2+ 47. Rd2 Qb3 48. f4 Kg6 49. fxg5 hxg5 50. g4 Qc4 51. Re2 Qd3 52. Rd2 Qb1 53. Kg2 Qe1 54. Kf3 a4 55. Re2 Qf1+ 56. Bf2 Qxh3+ 57. Bg3 Qf1+ 58. Bf2 Qd1 59. Be3 f5 60. gxf5+ Kxf5 61. Kf2 g4 62. Bd2 g3+ 63. Ke3 Kg4 64. Be1 Qb3+ 65. Bc3 Kh3 66. Kf3 Qd1 67. Bd2 g2 68. Be3 Qf1+ 69. Rf2 g1=Q 0-1

[Event "FIDE World Cadets GU12 2022"]
[Site "Batumi"]
[Date "2022.09.25"]
[Round "9.6"]
[White "Merkulova, Victoria"]
[Black "Imomkuzieva, Nilufarkhon"]
[Result "1/2-1/2"]
[ECO "C92"]
[WhiteElo "1715"]
[BlackElo "1481"]
[Annotator "NA RC COMBH"]
[PlyCount "130"]
[EventDate "2022.09.16"]
[EventType "swiss"]
[EventCountry "GEO"]
[SourceTitle "playchess.com"]
[Source "ChessBase"]
[SourceQuality "1"]
[TimeControl "5400+30"]

1. e4 e5 2. Nf3 Nc6 3. Bb5 a6 4. Ba4 Nf6 5. O-O b5 6. Bb3 Be7 7. Re1 d6 8. c3 O-O 9. h3 Bb7 10. d4 Re8 11. Nbd2 Bf8 12. d5 Nb8 13. Nf1 Nbd7 14. N3h2 Nc5 15. Bc2 c6 16. b4 Ncd7 17. dxc6 Bxc6 18. Bg5 h6 19. Bh4 Qc7 20. Bxf6 Nxf6 21. Ng4 Nxg4 22. hxg4 Rad8 23. Ne3 Bb7 24. Qd3 Rc8 25. a4 Qxc3 26. axb5 axb5 27. Qxb5 Rb8 28. Qc4 Qxc4 29. Nxc4 d5 30. exd5 Bxd5 31. Ne3 Bc6 32. Reb1 Rxb4 33. Rxb4 Bxb4 34. Ra6 Bd7 35. Nf5 Be6 36. Rb6 Bd2 37. Kh2 g6 38. Nd6 Rd8 39. Ne4 Bf4+ 40. g3 Bc1 41. Rb5 Kg7 42. Rxe5 Bxg4 43. Kg2 Bf5 44. Bb3 Ba3 45. f3 Rb8 46. Bc4 Rb2+ 47. Nf2 Bd6 48. Re2 Rb4 49. Bd5 Rb5 50. Bc4 Rb4 51. Bd5 Rd4 52. Ba2 Bc8 53. Ne4 Be5 54. Nc3 Bf6 55. Ne4 Bd8 56. Rd2 Rxd2+ 57. Nxd2 Bb7 58. Ne4 f5 59. Nc5 Bc8 60. Be6 Be7 61. Bxc8 Bxc5 62. g4 h5 63. gxh5 gxh5 64. Kh3 h4 65. Kxh4 Be7+ 1/2-1/2

[Event "FIDE World Cadets GU12 2022"]
[Site "Batumi"]
[Date "2022.09.25"]
[Round "9.7"]
[White "Shreya G Hipparagi"]
[Black "Vlasova, Mariya N"]
[Result "1-0"]
[ECO "B01"]
[WhiteElo "1574"]
[BlackElo "1456"]
[Annotator "NA RC COMBH"]
[PlyCount "112"]
[EventDate "2022.09.16"]
[EventType "swiss"]
[EventCountry "GEO"]
[SourceTitle "playchess.com"]
[Source "ChessBase"]
[SourceQuality "1"]
[TimeControl "5400+30"]

1. e4 d5 2. exd5 Qxd5 3. d4 Nc6 4. Nf3 Bg4 5. Be2 O-O-O 6. c3 e5 7. Be3 exd4 8. cxd4 Bb4+ 9. Nc3 Qa5 10. Qb3 Bxf3 11. Bxf3 Nxd4 12. Bxd4 Rxd4 13. O-O c6 14. Qxf7 Qc7 15. Qe6+ Qd7 16. Qb3 Bxc3 17. Qxc3 Nf6 18. Rad1 Rd8 19. h3 Kb8 20. Qb3 Rxd1 21. Rxd1 Nd5 22. Qd3 g5 23. Bxd5 cxd5 24. Qg3+ Ka8 25. Qxg5 d4 26. a3 d3 27. Rd2 Qc7 28. Qe3 Qc1+ 29. Kh2 Qc7+ 30. Qg3 Qd7 31. f4 h5 32. h4 a6 33. Qe3 Qg4 34. g3 Qf5 35. Qe5 Qf7 36. Qe3 Qf5 37. Kg2 Qd5+ 38. Qf3 Qc4 39. Qxh5 Qc1 40. Qd1 Qc4 41. Qf3 Qc1 42. Qe3 Qc6+ 43. Kh2 Qg6 44. Qf3 Rd4 45. f5 Qd6 46. Kg2 Qc5 47. f6 Qc1 48. Qf2 Qc6+ 49. Kh2 Qd6 50. Kg1 Rc4 51. f7 Rc1+ 52. Kh2 Rc8 53. Qf5 Qf8 54. Rxd3 Rc2+ 55. Kh3 Ka7 56. Re3 Rxb2 1-0

[Event "FIDE World Cadets GU12 2022"]
[Site "Batumi"]
[Date "2022.09.25"]
[Round "9.8"]
[White "Sezdbekova, Aizhan"]
[Black "Huseynli, Ayan"]
[Result "1/2-1/2"]
[ECO "B01"]
[WhiteElo "1447"]
[BlackElo "1572"]
[Annotator "NA RC COMBH"]
[PlyCount "99"]
[EventDate "2022.09.16"]
[EventType "swiss"]
[EventCountry "GEO"]
[SourceTitle "playchess.com"]
[Source "ChessBase"]
[SourceQuality "1"]
[TimeControl "5400+30"]

1. e4 d5 2. exd5 Qxd5 3. Nc3 Qa5 4. d4 Nf6 5. Nf3 c6 6. Bd3 Bg4 7. h3 Bh5 8. O-O e6 9. Bf4 Nbd7 10. a3 Nd5 11. Nxd5 cxd5 12. c3 Qb6 13. Rb1 Bd6 14. Bxd6 Qxd6 15. Re1 O-O 16. Bc2 Nb6 17. Qd3 Bg6 18. Qe2 Bxc2 19. Qxc2 Nc4 20. Ne5 Rfc8 21. Nxc4 Rxc4 22. Qb3 Qc6 23. Re3 a5 24. Rg3 Kf8 25. Rd1 Qa4 26. Qxa4 Rxa4 27. Kf1 b5 28. Ke2 Rc8 29. Kd2 b4 30. cxb4 axb4 31. Rd3 bxa3 32. bxa3 Ke7 33. Rb1 Rc7 34. g3 Rca7 35. Rbb3 f5 36. Ke3 Kf6 37. f4 h6 38. h4 g5 39. h5 gxf4+ 40. gxf4 Rg7 41. Rb4 Rg3+ 42. Kf2 Rxd3 43. Rxa4 Rh3 44. Ra8 Rxh5 45. a4 Rh3 46. a5 Ra3 47. Kg2 h5 48. a6 Kg7 49. a7 Kh7 50. Kh2 1/2-1/2

[Event "FIDE World Cadets GU12 2022"]
[Site "Batumi"]
[Date "2022.09.25"]
[Round "9.9"]
[White "Aydogan, Arya"]
[Black "Urangoo, Gurvanbaatar"]
[Result "1/2-1/2"]
[ECO "B51"]
[WhiteElo "1489"]
[BlackElo "1391"]
[Annotator "NA RC COMBH"]
[PlyCount "81"]
[EventDate "2022.09.16"]
[EventType "swiss"]
[EventCountry "GEO"]
[SourceTitle "playchess.com"]
[Source "ChessBase"]
[SourceQuality "1"]
[TimeControl "5400+30"]

1. e4 c5 2. Nf3 d6 3. Bb5+ Nd7 4. d4 cxd4 5. Qxd4 a6 6. Bxd7+ Bxd7 7. c4 Rc8 8. Nc3 e5 9. Qd3 Qc7 10. b3 b5 11. Nd5 Qc5 12. Nd2 Ne7 13. O-O Nxd5 14. exd5 Be7 15. Bb2 O-O 16. Rac1 Qb6 17. Kh1 Bg5 18. Rc2 f5 19. f3 Rc7 20. Ba3 Rfc8 21. Rfc1 Bf4 22. c5 dxc5 23. d6 Rc6 24. Qd5+ Kh8 25. Bxc5 Qd8 26. b4 Qh4 27. h3 Qh5 28. Rd1 g5 29. Nf1 g4 30. Re2 gxh3 31. g3 Be6 32. Qxe6 Qxf3+ 33. Kg1 Qxe2 34. Qf6+ Kg8 35. Qe6+ Kg7 36. Qe7+ Kh8 37. Qf6+ Kg8 38. Qe6+ Kh8 39. Qf6+ Kg8 40. Qe6+ Kh8 41. Qf6+ 1/2-1/2

[Event "FIDE World Cadets GU12 2022"]
[Site "Batumi"]
[Date "2022.09.25"]
[Round "9.10"]
[White "Zarkym, Ailin"]
[Black "Haasova, Timea"]
[Result "0-1"]
[ECO "B45"]
[WhiteElo "1376"]
[BlackElo "1707"]
[Annotator "NA RC COMBH"]
[PlyCount "85"]
[EventDate "2022.09.16"]
[EventType "swiss"]
[EventCountry "GEO"]
[SourceTitle "playchess.com"]
[Source "ChessBase"]
[SourceQuality "1"]
[TimeControl "5400+30"]

1. e4 c5 2. Nf3 e6 3. d4 cxd4 4. Nxd4 Nf6 5. Nc3 Nc6 6. Ndb5 Bb4 7. a3 Bxc3+ 8. Nxc3 d5 9. exd5 exd5 10. Bg5 d4 11. Qe2+ Be6 12. O-O-O h6 13. Bh4 Qc7 14. Nb5 Qf4+ 15. Kb1 Qxh4 16. Nc7+ Kd7 17. Nxa8 Rxa8 18. Qb5 Rb8 19. Qa4 a6 20. Be2 Qxf2 21. Bf3 Nd5 22. Rhf1 Qe3 23. Rfe1 Qg5 24. Re2 Kd8 25. h4 Qf6 26. Bxd5 Bxd5 27. Rde1 Be6 28. Re4 Ra8 29. Rxe6 fxe6 30. Qb3 Kc7 31. Rxe6 Qxh4 32. Rg6 Qe1+ 33. Ka2 Qe7 34. Qg3+ Kb6 35. Rxg7 Qe6+ 36. Kb1 Qe5 37. Qb3+ Qb5 38. Qf7 Ka7 39. Qd7 Rf8 40. b3 Rf1+ 41. Kb2 d3 42. a4 Qe5+ 43. c3 0-1

[Event "FIDE World Cadets GU12 2022"]
[Site "Batumi"]
[Date "2022.09.25"]
[Round "9.11"]
[White "Maklakova, Naomi"]
[Black "Sordia, Marta"]
[Result "1-0"]
[ECO "D04"]
[WhiteElo "1635"]
[BlackElo "1363"]
[Annotator "NA RC COMBH"]
[PlyCount "69"]
[EventDate "2022.09.16"]
[EventType "swiss"]
[EventCountry "GEO"]
[SourceTitle "playchess.com"]
[Source "ChessBase"]
[SourceQuality "1"]
[TimeControl "5400+30"]

1. d4 d5 2. Nf3 c5 3. e3 Nf6 4. b3 Nc6 5. Bb2 Bg4 6. Be2 Bxf3 7. Bxf3 cxd4 8. exd4 e6 9. O-O Bd6 10. Nd2 O-O 11. c4 Qd7 12. Rc1 Rac8 13. Re1 Bb8 14. a3 Rfd8 15. cxd5 Nxd5 16. Nc4 Bf4 17. Rc2 h6 18. g3 Bg5 19. h4 Bf6 20. Rd2 Qc7 21. Bxd5 exd5 22. Ne5 Re8 23. Rde2 Qb6 24. Nd7 Rxe2 25. Nxb6 Rxe1+ 26. Qxe1 axb6 27. Qe3 Kf8 28. Qd3 Re8 29. Qb5 Nxd4 30. Bxd4 Bxd4 31. Qxd5 Bc5 32. b4 Be7 33. Qxb7 Bd8 34. Qd7 Bf6 35. Qd6+ 1-0

[Event "FIDE World Cadets GU12 2022"]
[Site "Batumi"]
[Date "2022.09.25"]
[Round "9.12"]
[White "Saparya Ghosh"]
[Black "Assylkhan, Asiya"]
[Result "1/2-1/2"]
[ECO "D35"]
[WhiteElo "1563"]
[BlackElo "1424"]
[Annotator "NA RC COMBH"]
[PlyCount "78"]
[EventDate "2022.09.16"]
[EventType "swiss"]
[EventCountry "GEO"]
[SourceTitle "playchess.com"]
[Source "ChessBase"]
[SourceQuality "1"]
[TimeControl "5400+30"]

1. d4 Nf6 2. c4 e6 3. Nf3 d5 4. cxd5 exd5 5. Nc3 c6 6. Bg5 Be7 7. e3 Bf5 8. Bd3 Bxd3 9. Qxd3 h6 10. Bh4 Nbd7 11. O-O Nh5 12. Bxe7 Qxe7 13. e4 dxe4 14. Nxe4 O-O 15. Rfe1 Qb4 16. a3 Qb6 17. Ne5 Nhf6 18. Nd6 Rad8 19. Rad1 Qc7 20. Nf5 Nxe5 21. Qg3 Nf3+ 22. Qxf3 Kh7 23. Re7 Rd7 24. Rde1 Rxe7 25. Rxe7 Re8 26. Rxe8 Nxe8 27. Qg4 c5 28. h3 cxd4 29. Qxd4 Nf6 30. Nd6 b6 31. Nb5 Qe7 32. Qd3+ Kg8 33. Qd4 Kh7 34. Qd3+ Kg8 35. Qe3 Qxe3 36. fxe3 a5 37. Nd6 Kf8 38. Nc4 Nd7 39. Kf2 Ke7 1/2-1/2

[Event "FIDE World Cadets GU12 2022"]
[Site "Batumi"]
[Date "2022.09.25"]
[Round "9.13"]
[White "Kholyavko, Mariya"]
[Black "Derlich, Sarah Sima"]
[Result "1/2-1/2"]
[ECO "C26"]
[WhiteElo "1421"]
[BlackElo "1490"]
[Annotator "NA RC COMBH"]
[PlyCount "76"]
[EventDate "2022.09.16"]
[EventType "swiss"]
[EventCountry "GEO"]
[SourceTitle "playchess.com"]
[Source "ChessBase"]
[SourceQuality "1"]
[TimeControl "5400+30"]

1. e4 e5 2. Nc3 Nc6 3. g3 Nf6 4. Bg2 Bc5 5. Nge2 O-O 6. O-O a6 7. d3 d6 8. h3 Be6 9. Nd5 Bxd5 10. exd5 Ne7 11. Bg5 Nf5 12. Be4 h6 13. Bxf6 Qxf6 14. g4 Nh4 15. Ng3 Qf4 16. Nh5 Qg5 17. Qc1 Qxc1 18. Raxc1 f5 19. gxf5 Nxf5 20. Kh2 g6 21. Ng3 Nxg3 22. fxg3 Kg7 23. Kg2 a5 24. a3 b5 25. c3 b4 26. cxb4 axb4 27. axb4 Rxf1 28. Kxf1 Rf8+ 29. Ke2 Bb6 30. Kd2 Rf2+ 31. Kc3 Rh2 32. Rh1 Bd4+ 33. Kc4 Rxh1 34. Bxh1 Bxb2 35. Kb5 Bd4 36. Kc6 Bb6 37. Bf3 Kf6 38. Bg4 h5 1/2-1/2

[Event "FIDE World Cadets GU12 2022"]
[Site "Batumi"]
[Date "2022.09.25"]
[Round "9.14"]
[White "Alfano, Emilie"]
[Black "Semenova, Vasilisa"]
[Result "0-1"]
[ECO "B11"]
[WhiteElo "1712"]
[BlackElo "1332"]
[Annotator "NA RC COMBH"]
[PlyCount "92"]
[EventDate "2022.09.16"]
[EventType "swiss"]
[EventCountry "GEO"]
[SourceTitle "playchess.com"]
[Source "ChessBase"]
[SourceQuality "1"]
[TimeControl "5400+30"]

1. e4 c6 2. Nc3 d5 3. Nf3 Bg4 4. h3 Bh5 5. exd5 cxd5 6. g4 Bg6 7. Ne5 Nc6 8. d4 e6 9. h4 f6 10. Nxg6 hxg6 11. Qd3 Kf7 12. h5 gxh5 13. gxh5 Nge7 14. Bh3 Qd7 15. Ne2 Nf5 16. Bxf5 exf5 17. Qg3 Re8 18. c3 Ke7 19. Be3 Kd8 20. O-O-O Bd6 21. Qg2 Bc7 22. Rde1 Kc8 23. Qf3 Na5 24. Bf4 Bxf4+ 25. Nxf4 Re4 26. Ng2 Rhe8 27. Ne3 Nc4 28. Nc2 Kb8 29. Qg3+ f4 30. Qf3 Qf5 31. Rhg1 R8e7 32. Rh1 Nd6 33. b3 Nb5 34. a4 Nd6 35. Kb2 Rxe1 36. Rxe1 Ne4 37. Qe2 f3 38. Ne3 Qc8 39. Qc2 Qd8 40. Nf5 Rc7 41. Re3 Qh8 42. Rxf3 Qxh5 43. Qe2 Rxc3 44. Ne3 Qh1 45. Ka3 Qa1+ 46. Qa2 Rxb3+ 0-1

[Event "FIDE World Cadets GU12 2022"]
[Site "Batumi"]
[Date "2022.09.25"]
[Round "9.16"]
[White "Gan, Emily Cathay"]
[Black "Celik, Fatma Nisa"]
[Result "1-0"]
[ECO "A29"]
[WhiteElo "1550"]
[BlackElo "1291"]
[Annotator "NA RC COMBH"]
[PlyCount "133"]
[EventDate "2022.09.16"]
[EventType "swiss"]
[EventCountry "GEO"]
[SourceTitle "playchess.com"]
[Source "ChessBase"]
[SourceQuality "1"]
[TimeControl "5400+30"]

1. c4 e5 2. Nc3 Nf6 3. d3 d5 4. cxd5 Nxd5 5. Nf3 Nc6 6. g3 Be7 7. Bg2 Nb6 8. O-O O-O 9. Nd2 Be6 10. Nb3 f5 11. f4 Bf6 12. Kh1 Qe7 13. Be3 Nd7 14. Nd5 Qd6 15. Nxf6+ Rxf6 16. fxe5 Ndxe5 17. Bc5 Qd7 18. d4 Bxb3 19. Qxb3+ Nf7 20. Qxb7 Re8 21. d5 Ncd8 22. Qxa7 h6 23. Bd4 Rg6 24. Rac1 Qb5 25. Qc5 Qa6 26. e3 Qxa2 27. Rxf5 Nd6 28. Rf4 N8f7 29. e4 Qb3 30. Qc3 Qa4 31. b3 Qa2 32. Ra1 Qe2 33. Re1 Qa2 34. Qd3 Ne5 35. Bxe5 Rxe5 36. h3 Reg5 37. Rf3 Re5 38. Rfe3 Qa7 39. Kh2 Qc5 40. R1e2 Qb6 41. Rc2 Nb5 42. Rc4 Na3 43. Ra4 Nb5 44. Rb4 c6 45. Bf1 Qa5 46. Qd2 Na3 47. Rb8+ Kh7 48. Qxa5 Nc2 49. Rc3 Nd4 50. Bg2 cxd5 51. exd5 Nc6 52. Rxc6 Rxc6 53. dxc6 Rxa5 54. c7 Rc5 55. c8=Q Rxc8 56. Rxc8 g5 57. b4 g4 58. b5 h5 59. b6 h4 60. b7 hxg3+ 61. Kxg3 gxh3 62. Bxh3 Kg7 63. b8=Q Kg6 64. Rc5 Kf7 65. Rc6 Ke7 66. Qb7+ Kd8 67. Qd7# 1-0

[Event "FIDE World Cadets GU12 2022"]
[Site "Batumi"]
[Date "2022.09.25"]
[Round "9.17"]
[White "Enkhuyanga Gantsolmon"]
[Black "Kiss, Inez"]
[Result "1-0"]
[ECO "E01"]
[WhiteElo "1301"]
[BlackElo "1544"]
[Annotator "NA RC COMBH"]
[PlyCount "111"]
[EventDate "2022.09.16"]
[EventType "swiss"]
[EventCountry "GEO"]
[SourceTitle "playchess.com"]
[Source "ChessBase"]
[SourceQuality "1"]
[TimeControl "5400+30"]

1. Nf3 d5 2. c4 e6 3. g3 c6 4. Bg2 Nf6 5. O-O Bd6 6. b3 O-O 7. Bb2 Nbd7 8. d4 Re8 9. Nc3 h6 10. Qc2 Qc7 11. c5 Be7 12. b4 b6 13. Rfe1 bxc5 14. bxc5 Rb8 15. Bc1 Qa5 16. Bf4 Ra8 17. Reb1 Nh5 18. Bd2 Qc7 19. Qa4 e5 20. Nxe5 Nxe5 21. dxe5 Bxc5 22. Bxd5 Bd7 23. Bxf7+ Kxf7 24. Qc4+ Re6 25. Qxc5 Rxe5 26. Qb4 c5 27. Qb7 Qd8 28. Be3 Kg8 29. Rd1 Nf6 30. Bf4 Re8 31. Rab1 Qe7 32. Bd6 Qe6 33. Bxc5 Bc6 34. Qb3 Qxb3 35. Rxb3 a6 36. f3 Rac8 37. Bd4 Nd5 38. Ne4 Ba4 39. Nd6 Bxb3 40. axb3 Rcd8 41. Nxe8 Rxe8 42. e4 Nf6 43. Bxf6 gxf6 44. Rd6 Rb8 45. Rxa6 Rxb3 46. Rxf6 Kg7 47. Rf5 Rb1+ 48. Kg2 Rb2+ 49. Kh3 Kg6 50. g4 Rf2 51. Kg3 Re2 52. h4 Ra2 53. g5 hxg5 54. hxg5 Ra6 55. Kg4 Re6 56. Rf6+ 1-0

[Event "FIDE World Cadets GU12 2022"]
[Site "Batumi"]
[Date "2022.09.25"]
[Round "9.18"]
[White "Silva, Juliana Figueira The"]
[Black "Krkyasharyan, Sona"]
[Result "1-0"]
[ECO "A07"]
[WhiteElo "1328"]
[BlackElo "1484"]
[Annotator "NA RC COMBH"]
[PlyCount "57"]
[EventDate "2022.09.16"]
[EventType "swiss"]
[EventCountry "GEO"]
[SourceTitle "playchess.com"]
[Source "ChessBase"]
[SourceQuality "1"]
[TimeControl "5400+30"]

1. Nf3 d5 2. g3 Nf6 3. Bg2 c6 4. d3 Bg4 5. O-O e6 6. Nbd2 Nbd7 7. e4 dxe4 8. dxe4 Bc5 9. Qe1 O-O 10. Kh1 Qe7 11. Ng1 e5 12. f4 exf4 13. gxf4 Ne8 14. Qg3 f5 15. Re1 Qf7 16. e5 Nc7 17. Ngf3 Ne6 18. Nf1 Rad8 19. Be3 Be7 20. Nd4 Ndc5 21. Nxe6 Qxe6 22. Bf2 Rd7 23. Ne3 Bh5 24. Rg1 Bg6 25. b4 Na4 26. h4 Bxb4 27. Bh3 Nc3 28. Qf3 Ne4 29. Qxe4 1-0

[Event "FIDE World Cadets GU12 2022"]
[Site "Batumi"]
[Date "2022.09.25"]
[Round "9.20"]
[White "Vizcarra Quispe, Ramalia Bellaluz"]
[Black "Belaya, Liliya"]
[Result "1-0"]
[ECO "D02"]
[WhiteElo "1429"]
[BlackElo "1266"]
[Annotator "NA RC COMBH"]
[PlyCount "57"]
[EventDate "2022.09.16"]
[EventType "swiss"]
[EventCountry "GEO"]
[SourceTitle "playchess.com"]
[Source "ChessBase"]
[SourceQuality "1"]
[TimeControl "5400+30"]

1. Nf3 Nf6 2. Nc3 Nc6 3. d4 d5 4. g3 Bf5 5. a3 g6 6. Bg2 Bg7 7. O-O Qd7 8. b4 a6 9. Na4 b6 10. Nb2 Ne4 11. e3 Bg4 12. Qe1 e5 13. c4 Be6 14. b5 axb5 15. cxb5 Na5 16. a4 exd4 17. exd4 Nb3 18. Ra3 Nxd4 19. Nxd4 Bxd4 20. Rd3 Bxf2+ 21. Rxf2 Nxf2 22. Qxf2 O-O-O 23. Bf4 c5 24. bxc6 Qxc6 25. Be5 Kb7 26. Rc3 Qd7 27. a5 Qb5 28. Rc7+ Ka8 29. axb6 1-0

[Event "FIDE World Cadets GU12 2022"]
[Site "Batumi"]
[Date "2022.09.26"]
[Round "10.1"]
[White "Shubhi Gupta"]
[Black "Preobrazhenskaya, Diana"]
[Result "1/2-1/2"]
[ECO "D03"]
[WhiteElo "1733"]
[BlackElo "1994"]
[Annotator "NA RC"]
[PlyCount "215"]
[EventDate "2022.09.16"]
[EventType "swiss"]
[EventCountry "GEO"]
[SourceTitle "playchess.com"]
[Source "ChessBase"]
[SourceQuality "1"]
[TimeControl "5400+30"]

1. d4 d5 2. Nf3 Nf6 3. Bg5 Ne4 4. Bh4 c5 5. c3 Qb6 $11 6. Qc1 Bf5 7. e3 Nc6 8. Nbd2 Rc8 9. Nb3 a5 10. dxc5 Nxc5 11. Nxc5 Qxc5 12. Nd4 Bg6 13. Bg3 e6 14. Qd2 Be7 15. a4 O-O 16. Bb5 e5 17. Nb3 Qb6 18. O-O Rfd8 19. Kh1 d4 20. exd4 exd4 21. cxd4 Nb4 22. Rac1 Bc2 23. Qe3 Nd5 24. Qf3 Bg5 25. Rce1 Bxb3 26. Qxb3 Qxd4 27. Rd1 Qc5 28. f4 Bf6 29. Bf2 Qb4 30. Qf3 Ne7 31. Bb6 Rxd1 32. Rxd1 h6 33. h3 Qxb2 34. Qxb7 Qc2 35. Re1 Nf5 36. Bd3 Qxd3 37. Qxc8+ Kh7 38. Qc1 g6 39. Qc7 Kg7 40. Bxa5 Ng3+ 41. Kh2 Ne4 42. Rxe4 Qxe4 43. Bc3 Bxc3 44. Qxc3+ Kg8 45. a5 Qxf4+ 46. Qg3 Qa4 47. Qe5 h5 48. Qb8+ Kg7 49. Qb2+ Kg8 50. Qb6 Qf4+ 51. Kg1 Qc1+ 52. Kf2 Qd2+ 53. Kf3 Qd3+ 54. Kf4 Kg7 55. a6 Qd2+ 56. Ke5 Qe2+ 57. Kd6 Qe6+ 58. Kc7 Qe7+ 59. Kb8 Qe8+ 60. Ka7 Qd7+ 61. Qb7 Qd4+ 62. Kb8 Qd6+ 63. Kc8 Qe6+ 64. Kc7 Qe7+ 65. Kc6 Qe6+ 66. Kc5 Qe3+ 67. Kc4 Qe2+ 68. Kc3 Qe3+ 69. Kc2 Qe2+ 70. Kb1 Qd1+ 71. Ka2 Qa4+ 72. Kb2 Qd4+ 73. Kc2 Qf2+ 74. Kd1 Qf1+ 75. Kd2 Qf2+ 76. Kd3 Qf1+ 77. Ke3 Qe1+ 78. Kf3 Qd1+ 79. Kf4 Qd2+ 80. Ke5 Qc3+ 81. Kd5 Qd3+ 82. Kc6 Qc4+ 83. Kd7 Qe6+ 84. Kc7 Qe5+ 85. Kd8 Qd6+ 86. Kc8 Qe6+ 87. Kb8 Qd6+ 88. Ka8 Qd8+ 89. Qb8 Qd5+ 90. Ka7 Qd7+ 91. Kb6 Qd4+ 92. Kc6 Qc4+ 93. Kb7 Qb5+ 94. Ka7 Qd7+ 95. Ka8 Qd5+ 96. Qb7 Qd8+ 97. Ka7 Qd4+ 98. Kb8 Qd6+ 99. Kc8 Qe6+ 100. Kc7 Qe5+ 101. Kc6 Qe4+ 102. Kc5 Qe3+ 103. Kc4 Qe2+ 104. Kb3 Qd1+ 105. Ka3 Qa1+ 106. Kb4 Qb2+ 107. Ka5 Qa3+ 108. Kb6 1/2-1/2

[Event "FIDE World Cadets GU12 2022"]
[Site "Batumi"]
[Date "2022.09.26"]
[Round "10.2"]
[White "Goriachkina, Oksana"]
[Black "Mgeladze, Kesaria"]
[Result "1-0"]
[ECO "D20"]
[WhiteElo "1748"]
[BlackElo "1771"]
[Annotator "NA RC"]
[PlyCount "85"]
[EventDate "2022.09.16"]
[EventType "swiss"]
[EventCountry "GEO"]
[SourceTitle "playchess.com"]
[Source "ChessBase"]
[SourceQuality "1"]
[TimeControl "5400+30"]

1. d4 d5 2. c4 dxc4 3. e3 c5 4. Bxc4 cxd4 5. exd4 e6 6. Nf3 Bd6 7. Nc3 Ne7 8. O-O O-O 9. Re1 h6 10. d5 exd5 11. Nxd5 Nxd5 12. Bxd5 Na6 13. Bc4 Nc7 14. Be3 Bg4 15. Qd4 Bxf3 16. gxf3 b5 17. Bb3 a5 18. a3 a4 19. Ba2 Ra6 20. Rad1 Qb8 21. Kh1 Be7 22. Bf4 Rd8 23. Qc3 Bd6 24. Bxh6 Bf8 25. Bf4 Rxd1 26. Rxd1 Qb7 27. Rd7 Rc6 28. Bxf7+ Kh8 29. Rxc7 Qxc7 30. Bxc7 Rxc3 31. bxc3 Bxa3 32. Be8 Bb2 33. Bxb5 a3 34. Bc4 Bxc3 35. Bd6 Bb2 36. Kg2 Kh7 37. Kg3 Kg6 38. Kg4 Kf6 39. f4 Bc1 40. f5 Bb2 41. f4 Bc1 42. Be5+ Ke7 43. Bxg7 1-0